 Dungeon Crawl Stone Soup version 0.22.0-38-g04b72b8 (webtiles) character file.

49887 Marcoleric the Severer (level 14, -6/138 HPs)
             Began as a Deep Dwarf Fighter on Aug 29, 2018.
             Was the Champion of Makhleb.
             Killed from afar by a frost giant (29 damage)
             ... with a bolt of cold
             ... on level 2 of the Depths.
             The game lasted 00:59:02 (10996 turns).

Marcoleric the Severer (Deep Dwarf Fighter)        Turns: 10996, Time: 00:59:03

Health: -6/138     AC: 27    Str: 26    XL:     14   Next: 17%
Magic:  0/8        EV:  8    Int: 10    God:    Makhleb [******]
Gold:   731        SH: 13    Dex: 15    Spells: 13/13 levels left

rFire    . . .     SeeInvis +   g - +1 war axe (elec)
rCold    . . .     Gourm    .   c - +0 shield
rNeg     + . .     Faith    .   v - +1 plate armour
rPois    .         Spirit   +   m - +1 helmet
rElec    .         Reflect  .   r - +1 cloak
rCorr    .         Harm     .   n - +4 pair of gloves of Bicaqagu {Int+2 Dex+3}
MR       +++..     Rnd*Rage +   y - +0 pair of boots
Stlth    ..........             D - amulet of guardian spirit
HPRegen  0.00/turn              e - ring of see invisible
MPRegen  0.11/turn              k - ring of protection from magic

@: non-regenerating
A: damage resistance, heal wounds, berserk 1, blurry vision 1, negative energy
resistance 1, sense surroundings 2, no regeneration
a: Heal Wounds, Minor Destruction, Lesser Servant of Makhleb, Major Destruction,
Greater Servant of Makhleb, Renounce Religion


You were on level 2 of the Depths.
You worshipped Makhleb.
Makhleb was exalted by your worship.
You were not hungry.

You visited 3 branches of the dungeon, and saw 18 of its levels.

You collected 731 gold pieces.

Inventory:

Hand Weapons
 g - a +1 war axe of electrocution (weapon)
 s - a +4 quarterstaff of chaos
Armour
 b - a +2 hat
 c - a +0 shield (worn)
 m - a +1 helmet (worn)
 n - the +4 pair of gloves of Bicaqagu (worn) {Int+2 Dex+3}
   (You found it on level 6 of the Dungeon)

   It affects your intelligence (+2).
   It affects your dexterity (+3).
 r - a +1 cloak (worn)
 v - a +1 plate armour (worn)
 y - a +0 pair of boots (worn)
Jewellery
 e - a ring of see invisible (left hand)
 k - a ring of protection from magic (right hand)
 o - an uncursed ring of poison resistance
 p - an uncursed ring of positive energy
 D - an amulet of guardian spirit (around neck)
 G - an uncursed ring of wizardry
Wands
 d - a wand of flame (57)
 h - a wand of polymorph (16)
 i - a wand of random effects (55)
 l - a wand of iceblast (16)
 u - a wand of enslavement (8)
Scrolls
 a - 2 scrolls of fear
 q - 4 scrolls of blinking
 t - 4 scrolls of immolation
 w - a scroll of amnesia
 x - 2 scrolls of remove curse
 E - 6 scrolls of teleportation
Potions
 j - a potion of brilliance
 z - a potion of flight
 A - 2 potions of curing
 B - a potion of magic
Miscellaneous
 F - a lamp of fire
Comestibles
 f - 14 rations


   Skills:
 + Level 12.1 Fighting
 * Level 17.2 Axes
 - Level 10.0 Armour
 - Level 3.4 Dodging
 + Level 0.8 Stealth
 + Level 11.3 Shields
 + Level 1.7 Invocations
 + Level 0.5 Evocations


You had 13 spell levels left.
You didn't know any spells.
Your spell library contained the following spells:

 Spells                   Type           Power        Failure   Level  Hunger
 Animate Skeleton         Necr           N/A          99%         1    ##.....
 Apportation              Tloc           #.....       99%         1    ##.....
 Beastly Appendage        Tmut           #.....       99%         1    ##.....
 Confusing Touch          Hex            #.....       99%         1    ##.....
 Corona                   Hex            #......      99%         1    ##.....
 Flame Tongue             Conj/Fire      #....        99%         1    ##.....
 Magic Dart               Conj           #...         99%         1    ##.....
 Sting                    Conj/Pois      #...         99%         1    ##.....
 Summon Small Mammal      Summ           #...         99%         1    ##.....
 Poisonous Vapours        Pois/Air       #.....       100%        2    ###....
 Searing Ray              Conj           #.....       100%        2    ###....
 Dazzling Spray           Conj/Hex       #.....       100%        3    ####...
 Mephitic Cloud           Conj/Pois/Air  #.......     100%        3    ####...
 Force Lance              Conj/Tloc      #.......     100%        4    #####..
 Fulminant Prism          Conj/Hex       #.........   100%        4    #####..
 Iskenderun's Mystic Bla  Conj           #.......     100%        4    #####..
 Olgreb's Toxic Radiance  Pois           #.......     100%        4    #####..
 Irradiate                Conj/Tmut      #.........   100%        5    ######.
 Venom Bolt               Conj/Pois      #.........   100%        5    ######.
 Hydra Form               Tmut           #.........   100%        6    #######
 Statue Form              Tmut/Erth      #........    100%        6    #######
 Dragon Form              Tmut           #.........   100%        7    #######


Dungeon Overview and Level Annotations

Branches:
Dungeon (15/15)            Temple (1/1) D:7            Lair (0/6) D:11
    Orc (0/2) D:9          Depths (2/5) D:15
 Vaults: D:13-14

Altars:
Ashenzari
Cheibriados
Dithmenos
Elyvilon
Fedhas
Gozag
Hepliaklqana
Kikubaaqudgha
Makhleb
Nemelex Xobeh
Okawaru
Qazlal
Ru
Sif Muna
Trog
Uskayaw
Vehumet
Wu Jian
Xom
Yredelemnul
Zin
The Shining One
Beogh

Shops:
D:10 :   D:11 =   D:12 [   D:13 %   D:14 (

Portals:
Trove: D:12 (give +7 demon whip)

Annotations:
D:5 2 transporters, Ymberto's ghost, novice NaTm
D:10 2 transporters
D:13 Sonja


Innate Abilities, Weirdness & Mutations

You are resistant to damage.
You can heal yourself by infusing magical energy.
You resist negative energy. (rN+)
You passively map the area around you.
You do not regenerate.
You tend to lose your temper in combat.
Scrolls take you a little longer to read.


Message History

You see here a large rock.
You see here a large rock.
The spriggan air mage hits you but does no damage.
You feel much better.
The spriggan air mage hits you but does no damage.
A deep troll comes into view.
The frost giant gestures at you while chanting.
The bolt of cold hits you!
The deep troll shouts!
You hear a shout!
You hear a deafening roar!
The spriggan air mage waves its arms in wide circles.
The air twists around and strikes you!
* * * LOW HITPOINT WARNING * * *
You hear a horrible gurgling sound! 2 deep trolls come into view.
The deep troll shouts! x2
The deep troll earth mage gestures at you while chanting.
The wall shatters!
The blast of rock fragments hits you! The frost giant casts a spell at you.
The bolt of cold hits you!
You die...

, , , , * , ,, ** **
* * * * * , ,< ≈ , ,
≈ , , +* , , * , ,*
* #+# * ,, , , * ,,
##(####, ≈≈ ,
#..T(.+ , ≈ , ,
#@C#((# , ≈ ≈ , ,,
,, #..i.(# ,, ,,
.....$...c.....≈≈≈
,,
,......C.TE.....≈≈≈≈
, ,
P.P.....≈.T....≈≈≈ ≈
≈ ≈≈≈≈≈≈PPP...T..≈≈≈
≈ , *
≈≈≈≈PP≈≈≈T.T...≈≈≈ ,
≈≈≈P≈P≈≈≈≈..#.$.≈≈≈
≈ ≈
≈≈≈≈P≈≈≈≈.##...≈≈≈
≈≈ ≈


You could see a frost giant, a stone giant, a centaur warrior, 5 deep trolls, a
spriggan air mage, a deep troll earth mage and a water elemental.

Vanquished Creatures
  Margery (Depths:1)
  Gastronok (D:11)
  A stone giant (Depths:1)
  A fire dragon (Depths:1)
  Harold (D:11)
  A rakshasa (Depths:1)
  2 hydras
  An ice dragon (Depths:2)
  4 centaur warriors
  3 two-headed ogres
  A tengu warrior (D:15)
  2 catoblepae (D:14)
  2 hell knights (Depths:1)
  Urug (D:11)
  A salamander mystic (Depths:1)
  A skeletal warrior (D:15)
  A glowing orange brain (Depths:1)
  A phantasmal warrior (D:15)
  3 ugly things (D:15)
  3 salamanders (Depths:1)
  4 necromancers
  2 manticores
  A deep elf mage (D:14)
  3 cyclopes
  A spriggan zombie (D:15)
  A gargoyle (D:15)
  Psyche (D:11)
  A guardian mummy (D:15)
  A freezing wraith (D:14)
  A spriggan skeleton (D:15)
  3 trolls
  A hornet (D:7)
  3 slime creatures (D:10)
  A fire dragon zombie (D:15)
  A hippogriff (shapeshifter) (D:15)
  7 hippogriffs
  A meliai zombie (D:14)
  A deep troll skeleton (D:15)
  2 wraiths (D:14)
  2 water elementals
  2 vampires
  3 hogs (D:12)
  A redback (shapeshifter) (Depths:1)
  A human (D:12)
  3 wyverns
  26 yaks
  Eustachio (D:5)
  6 vampire mosquitoes (D:14)
  Duvessa (D:4)
  2 black bears
  5 ice beasts
  5 orc warriors
  3 phantoms
  The ghost of p0werm0de the Chopper, an amateur GnCK of Xom (D:6)
  3 sky beasts
  An eye of draining (D:9)
  A necrophage (D:10)
  10 ogres
  18 centaurs
  A crocodile (D:11)
  A big kobold (D:8)
  15 bullfrogs
  A wyvern zombie (D:11)
  Dowan (D:4)
  A water moccasin skeleton (D:5)
  3 scorpions
  12 killer bees
  17 wights
  2 howler monkeys
  2 spectral centaurs (D:6)
  3 crimson imps
  3 quasits
  2 bullfrog zombies
  6 centaur zombies
  15 hounds
  5 jellies
  9 orc priests
  9 orc wizards
  Crazy Yiuf (D:4)
  5 centaur skeletons
  5 worker ants
  6 iguanas
  A centaur simulacrum (D:6)
  A howler monkey zombie (D:11)
  4 gnolls
  11 adders
  A shadow imp (D:6)
  An ooze (D:5)
  2 dart slugs
  7 leopard geckos
  44 orcs
  3 bats
  8 giant cockroaches
  7 goblins
  8 hobgoblins
  17 jackals
  16 kobolds
  4 quokkas
  A ball python (D:5)
  3 frilled lizards
  A leopard gecko zombie (D:6)
  9 rats
  3 withered plants (D:15)
440 creatures vanquished.

Vanquished Creatures (collateral kills)
  A yak (D:10)
  A phantom (D:10)
2 creatures vanquished.

Vanquished Creatures (others)
  A crimson imp (D:13)
  An adder (D:4)
2 creatures vanquished.

Grand Total: 444 creatures vanquished

Notes
Turn   | Place    | Note
-------+----------+-------------------------------------------
     0 | D:1      | Marcoleric the Deep Dwarf Fighter began the quest for the Orb.
     0 | D:1      | Reached XP level 1. HP: 20/20 MP: 1/1
    79 | D:1      | Reached XP level 2. HP: 24/27 MP: 2/2
   491 | D:1      | Reached XP level 3. HP: 29/33 MP: 3/3
  1216 | D:2      | Reached skill level 3 in Axes
  1395 | D:3      | Reached XP level 4. HP: 35/42 MP: 3/3
  1623 | D:3      | Noticed a black bear
  1630 | D:3      | Killed a black bear
  1630 | D:3      | Reached skill level 4 in Axes
  1630 | D:3      | Reached XP level 5. HP: 45/49 MP: 4/4
  2280 | D:4      | Noticed Duvessa
  2281 | D:4      | Noticed Dowan
  2288 | D:4      | Killed Duvessa
  2288 | D:4      | Reached XP level 6. HP: 47/56 MP: 5/5
  2290 | D:4      | Killed Dowan
  2290 | D:4      | Reached skill level 5 in Axes
  2290 | D:4      | Reached skill level 5 in Shields
  2432 | D:4      | Reached XP level 7. HP: 63/63 MP: 5/5
  2821 | D:4      | Found a runed door.
  2825 | D:4      | Noticed Crazy Yiuf
  2828 | D:4      | Killed Crazy Yiuf
  2861 | D:5      | Entered Level 5 of the Dungeon
  2942 | D:5      | Reached skill level 6 in Axes
  2942 | D:5      | Reached skill level 5 in Armour
  3081 | D:5      | Found a burning altar of Makhleb.
  3097 | D:5      | Reached XP level 8. HP: 42/72 MP: 6/6
  3104 | D:5      | Became a worshipper of Makhleb the Destroyer
  3163 | D:5      | Found a transporter.
  3166 | D:5      | Noticed Ymberto's ghost (novice NaTm)
  3192 | D:5      | Found a transporter.
  3285 | D:5      | Reached skill level 7 in Axes
  3594 | D:5      | Noticed Eustachio
  3606 | D:5      | Killed Eustachio
  3766 | D:6      | Gained mutation: You passively map the area around you. [Deep Dwarf growth]
  3766 | D:6      | Reached XP level 9. HP: 45/80 MP: 6/6
  3767 | D:6      | Reached * piety under Makhleb
  3773 | D:6      | Reached skill level 8 in Axes
  3833 | D:6      | Reached skill level 5 in Fighting
  3859 | D:6      | Got a pair of heavily runed gloves
  3861 | D:6      | Identified the +4 pair of gloves of Bicaqagu {Int+2 Dex+3} (You found it on level 6 of the Dungeon)
  3945 | D:6      | Found a blossoming altar of Fedhas.
  4487 | D:6      | Found a runed gate.
  4487 | D:6      | Found a runed gate.
  4488 | D:6      | Found a runed gate.
  4492 | D:6      | Noticed p0werm0de's ghost (amateur GnCK)
  4524 | D:6      | Killed p0werm0de's ghost
  4526 | D:6      | Reached skill level 9 in Axes
  4909 | D:7      | Reached ** piety under Makhleb
  5073 | D:7      | Found a staircase to the Ecumenical Temple.
  5082 | Temple   | Entered the Ecumenical Temple
  5271 | D:7      | Identified Hermeneutics, Part One
  5770 | D:8      | Reached skill level 10 in Axes
  5863 | D:8      | Reached XP level 10. HP: 88/92 MP: 6/6
  6182 | D:8      | Noticed a two-headed ogre
  6195 | D:8      | Killed a two-headed ogre
  6388 | D:9      | Reached skill level 11 in Axes
  6459 | D:9      | Reached *** piety under Makhleb
  6542 | D:9      | Noticed a two-headed ogre
  6551 | D:9      | Killed a two-headed ogre
  6551 | D:9      | Reached skill level 12 in Axes
  6551 | D:9      | Reached XP level 11. HP: 103/103 MP: 0/7
  6740 | D:9      | Found a staircase to the Orcish Mines.
  7127 | D:10     | Entered Level 10 of the Dungeon
  7306 | D:10     | Reached **** piety under Makhleb
  7314 | D:10     | Found Oxyus's Book Shoppe.
  7349 | D:10     | Found a transporter.
  7354 | D:10     | Noticed a fire crab
  7358 | D:10     | Noticed a deep elf knight
  7376 | D:10     | Noticed a deep elf knight
  7400 | D:10     | Found a transporter.
  7517 | D:10     | Reached skill level 13 in Axes
  7814 | D:11     | Noticed Gastronok
  7816 | D:11     | Noticed a four-headed hydra
  7829 | D:11     | Killed a nine-headed hydra
  7849 | D:11     | Killed Gastronok
  7849 | D:11     | Reached XP level 12. HP: 63/115 MP: 0/8
  7908 | D:11     | Reached skill level 14 in Axes
  7910 | D:11     | Found a staircase to the Lair.
  7966 | D:11     | Gained mutation: Scrolls take you a little longer to read. [potion of mutation]
  7966 | D:11     | Gained mutation: You tend to lose your temper in combat. [potion of mutation]
  8004 | D:11     | Noticed Urug
  8016 | D:11     | Killed Urug
  8018 | D:11     | Reached skill level 10 in Fighting
  8091 | D:11     | Found an ornate altar of the Wu Jian Council.
  8225 | D:11     | Noticed Psyche
  8229 | D:11     | Paralysed by Psyche for 6 turns
  8240 | D:11     | Killed Psyche
  8307 | D:11     | Reached ***** piety under Makhleb
  8396 | D:11     | Noticed Harold
  8409 | D:11     | Killed Harold
  8421 | D:11     | Found Kausomi's Jewellery Emporium.
  8621 | D:12     | Found Egussabu's Armour Shoppe.
  8759 | D:12     | Found a roughly hewn altar of Beogh.
  8878 | D:12     | Reached skill level 10 in Armour
  9135 | D:12     | Found a portal to a secret trove of treasure.
  9273 | D:13     | Reached skill level 1 in Dodging
  9423 | D:13     | Noticed Sonja
  9429 | D:13     | Found Moaty's Food Shoppe.
  9520 | D:13     | Noticed a centaur warrior
  9529 | D:13     | Killed a centaur warrior
  9622 | D:13     | Noticed a five-headed hydra
  9663 | D:13     | Killed a 19-headed hydra
  9673 | D:13     | Noticed a blizzard demon
  9737 | D:14     | Noticed a catoblepas
  9763 | D:14     | Killed a catoblepas
  9780 | D:14     | Reached skill level 15 in Axes
  9780 | D:14     | Reached skill level 1 in Invocations
  9889 | D:14     | Found Pipn's Antique Weapon Boutique.
  9905 | D:14     | Noticed an eight-headed hydra
  9906 | D:14     | Noticed a centaur warrior
  9935 | D:14     | HP: 6/120 [15-headed hydra (2)]
  9971 | D:14     | Noticed a catoblepas
 10001 | D:14     | Killed a catoblepas
 10058 | D:14     | Reached XP level 13. HP: 117/127 MP: 0/9
 10229 | D:15     | Entered Level 15 of the Dungeon
 10244 | D:15     | Found a shattered altar of Ashenzari.
 10506 | D:15     | Reached skill level 16 in Axes
 10663 | D:15     | Found a staircase to the Depths.
 10672 | D:15     | Reached ****** piety under Makhleb
 10676 | D:15     | Reached skill level 10 in Shields
 10737 | Depths:1 | Entered Level 1 of the Depths
 10794 | Depths:1 | Noticed a stone giant
 10795 | Depths:1 | Noticed a fire dragon
 10811 | Depths:1 | Killed a fire dragon
 10815 | Depths:1 | Killed a stone giant
 10857 | Depths:1 | Noticed a green very ugly thing
 10857 | Depths:1 | Noticed a green very ugly thing
 10857 | Depths:1 | Noticed a green very ugly thing
 10857 | Depths:1 | Noticed a green very ugly thing
 10874 | Depths:1 | Noticed Margery
 10901 | Depths:1 | Killed Margery
 10901 | Depths:1 | Reached skill level 17 in Axes
 10901 | Depths:1 | Gained mutation: You resist negative energy. (rN+) [Deep Dwarf growth]
 10901 | Depths:1 | Reached XP level 14. HP: 83/138 MP: 0/8
 10982 | Depths:2 | Noticed a stone giant
 10989 | Depths:2 | Noticed a frost giant
 10996 | Depths:2 | Killed from afar by a frost giant

Skill      XL: |  1  2  3  4  5  6  7  8  9 10 11 12 13 |
---------------+----------------------------------------+-----
Fighting       | 3 4 6 8 9 11 12 | 12.1
Axes           | 3 4 5 6 7 10 12 13 15 17 | 17.2
Shields        | 4 5 6 8 9 11 | 11.3
Armour         | 4 5 6 7 8 9 10 | 10.0
Dodging        | 3 |  3.4
Invocations    | 1 |  1.7
Stealth        | |  0.8
Evocations     | |  0.5

Action                   |  1- 3 |  4- 6 |  7- 9 | 10-12 | 13-15 || total
-------------------------+-------+-------+-------+-------+-------++-------
Melee: War axe           |   120 |   100 |   353 |   579 |   319 ||  1471
Invok: Lesser Servant of |       |       |       |     2 |       ||     2
       Minor Destruction |       |       |       |     2 |       ||     2
       Greater Servant o |       |       |       |     1 |       ||     1
 Abil: Heal Wounds       |     1 |     1 |     5 |    20 |     8 ||    35
Evoke: Wand              |       |       |     3 |       |       ||     3
  Use: Potion            |     3 |     6 |     4 |     8 |     4 ||    25
       Scroll            |     4 |     4 |     7 |    12 |     1 ||    28
  Eat: Ration            |     1 |     1 |     3 |     4 |     2 ||    11
Armor: Scale mail        |    55 |    43 |       |       |       ||    98
       Chain mail        |       |    18 |    22 |       |       ||    40
       Plate armour      |       |       |   200 |   679 |   218 ||  1097
Dodge: Dodged            |    37 |    27 |    57 |   237 |    99 ||   457
Block: Shield            |    68 |    83 |   223 |   465 |   218 ||  1057
